 Dungeon Crawl Stone Soup version 0.27.0-1-g7a089689b8 (webtiles) character file.

Game seed: 3349761740306536791

9677 lnt the Impaler (level 11, -2/95 HPs)
             Began as a Minotaur Berserker on Aug 13, 2021.
             Was an Elder of Trog.
             Hit by a javelin thrown by Urug (14 damage)
             ... on level 10 of the Dungeon on Aug 15, 2021.
             The game lasted 00:27:04 (10911 turns).

lnt the Impaler (Minotaur Berserker)               Turns: 10911, Time: 00:27:05

Health: -2/95      AC: 15    Str: 26    XL:     11   Next: 26%
Magic:  10/10      EV:  8    Int:  7    God:    Trog [****..]
Gold:   629        SH:  0    Dex:  9    Spells: 10/10 levels left

rFire    . . .     SeeInvis +   a - +3 halberd
rCold    . . .     Faith    .   (shield currently unavailable)
rNeg     . . .     Spirit   .   J - +0 plate armour
rPois    .         Reflect  .   (helmet restricted)
rElec    .         Harm     .   y - +0 cloak
rCorr    .         Rampage  .   F - +0 pair of gloves
Will     ++++.                  (no boots)
Stlth    ..........             (no amulet)
HPRegen  1.25/turn              g - ring of see invisible
MPRegen  0.12/turn              B - ring of the Mage {Wiz Will++ Int+3}

@: strong-willed, regenerating
A: horns 2, retaliatory headbutt
a: Renounce Religion, Berserk, Trog's Hand, Brothers in Arms


You were on level 10 of the Dungeon.
You worshipped Trog.
Trog was greatly pleased with you.
You visited 2 branches of the dungeon, and saw 11 of its levels.
You also visited: Sewer.

You collected 734 gold pieces.
You spent 105 gold pieces at shops.

Inventory:

Hand Weapons
 a - a +3 halberd (weapon)
 b - the +0 hunting sling of Fupp {vorpal, Str+2}
   (You took it off a gnoll shaman on level 8 of the Dungeon)

   Any ammunition fired from it inflicts extra damage upon your enemies.
   Str:       It affects your strength (+2).
Missiles
 c - 35 sling bullets
 p - 41 poisoned darts (quivered)
 q - 3 throwing nets
Armour
 l - a +0 chain mail
 y - a +0 cloak (worn)
 F - a +0 pair of gloves (worn)
 I - a +0 animal skin
 J - a +0 plate armour (worn)
Jewellery
 g - a ring of see invisible (left hand)
 B - the ring of the Mage (right hand) {Wiz Will++ Int+3}
   (You found it on level 7 of the Dungeon)

   [ring of wizardry]

   It improves your spell success rate.
   Int:       It affects your intelligence (+3).
   Will:      It greatly increases your willpower.
 L - a ring of flight
 M - a ring of protection from cold
Wands
 H - a wand of iceblast (6)
 K - a wand of flame (32)
Scrolls
 f - a scroll of vulnerability {unknown}
 h - a scroll of enchant armour {unknown}
 i - 8 scrolls of enchant weapon {unknown}
 j - 4 scrolls of teleportation {unknown}
 k - 10 scrolls of identify {unknown}
 m - a scroll of fear {unknown}
 t - a scroll of immolation {unknown}
 w - 3 scrolls of fog {unknown}
 C - 2 scrolls of magic mapping {unknown}
 D - a scroll of blinking {unknown}
 E - 2 scrolls of noise {unknown}
Potions
 d - 3 potions of heal wounds {unknown}
 e - 2 potions of lignification {unknown}
 n - 3 potions of mutation {unknown}
 o - 2 potions of curing {unknown}
 r - a potion of flight {unknown}
 s - 4 potions of degeneration {unknown}
 u - a potion of invisibility {unknown}
 v - a potion of haste {unknown}
 x - 2 potions of might {unknown}
 z - a potion of resistance
 G - a potion of attraction {unknown}
Miscellaneous
 A - a tin of tremorstones (2/2)


   Skills:
 * Level 8.7 Fighting
 - Level 3.7(11.2) Axes
 - Level 15.8(16.0) Polearms
 + Level 4.2 Slings
 * Level 7.2 Armour
 - Level 5.4 Dodging


You had 10 spell levels left.
You didn't know any spells.
Your spell library was empty.

Dungeon Overview and Level Annotations

Branches:
Dungeon (10/15)            Temple (1/1) D:6            Lair (0/6) D:10
    Orc (0/2) D:10          Sewer (visited)

Altars:
Ashenzari
Cheibriados
Dithmenos
Elyvilon
Fedhas
Gozag
Hepliaklqana
Kikubaaqudgha
Makhleb
Nemelex Xobeh
Okawaru
Qazlal
Sif Muna
Trog
Uskayaw
Vehumet
Wu Jian
Xom
Yredelemnul
The Shining One

Shops:
D:1 (   D:10 (

Annotations:
D:10 Urug


Innate Abilities, Weirdness & Mutations

You have a pair of horns on your head.
You reflexively headbutt those who attack you in melee.


Message History

You barely miss the warg. Your headbutt misses the warg.
The warg is severely wounded.
The warg barely misses you. You furiously retaliate!
You headbutt the warg. The warg bites you!
You hit the warg but do no damage.
The warg is almost dead.
The warg barely misses you. You furiously retaliate!
You headbutt the warg! The warg bites you!
You closely miss the warg. Your headbutt misses the warg.
The warg is almost dead.
The warg bites you. The warg barely misses you.
You slice the warg!!
You kill the warg!
Trog accepts your kill. The warg bites you.
Press: ? - help, v - describe, . - travel
Here: Urug, wielding a +4 battleaxe, wearing a +2 chain mail of willpower and quivering javelins The floor, spattered with blood.
Unknown command.
Unknown command.
Unknown command.
You puncture the warg! Your headbutt misses the warg.
The warg is severely wounded.
The warg bites you.
You closely miss the warg.
The warg is severely wounded.
The warg bites you but does no damage.
You slash the warg!
You kill the warg!
Trog accepts your kill.
Urug throws a javelin.
The javelin pierces through you!
You fail to use your ability.
You fail to use your ability.
Urug hits you with a +4 battleaxe!!
* * * LOW HITPOINT WARNING * * *
Your skin crawls.
You feel strong-willed.
Urug roars.
Urug barely misses you.
Urug throws a javelin.
The javelin pierces through you!
You die...

...............############
......##'############
......#.............#
......#.............#
......#.............#
......#.............#
......#.............#
......#.............#
##'####.........@.o.#
..†..##....########.#
.....##....# .#
≈..........+ ..
.≈.≈...≈≈..# .>.
≈≈≈≈..≈....# ....
≈≈≈≈≈≈≈....# .....
≈.≈≈≈≈≈≈≈W.# ......
.≈..≈≈≈....#


You could see Urug.

Vanquished Creatures
  A hydra (D:10)
  A centaur zombie (D:10)
  Maggie (D:10)
  A troll (D:9)
  A shadow (D:10)
  A wraith (D:10)
  15 yaks
  2 steam dragons
  3 wargs (D:10)
  3 water moccasins
  An acid dragon (D:9)
  Purgy (Sewer)
  A hornet zombie (D:9)
  5 orc warriors
  A sky beast (D:5)
  3 black bears
  2 necrophages
  An ogre (D:4)
  A wolf (D:10)
  6 centaurs
  A phantom (D:6)
  A kobold brigand (D:8)
  2 bullfrogs
  A gnoll sergeant (D:7)
  2 scorpions (D:4)
  A water moccasin zombie (D:6)
  A wyvern zombie (D:9)
  9 killer bees
  5 wights (D:10)
  A howler monkey (D:9)
  4 electric eels (D:10)
  13 hounds
  A bullfrog skeleton (D:5)
  A jelly (D:5)
  2 gnoll shamans (D:8)
  6 orc priests
  2 iguanas
  9 orc wizards
  A scorpion zombie (D:5)
  3 howler monkey zombies
  3 adders
  5 gnolls (D:7)
  3 white imps
  2 ufetubi
  A worm (D:2)
  An adder skeleton (D:3)
  3 dart slugs
  36 orcs
  6 endoplasms
  5 giant cockroaches
  4 goblins
  8 hobgoblins
  10 jackals
  2 quokkas
  8 ball pythons
  4 bats
  8 frilled lizards
  15 kobolds
  6 rats
247 creatures vanquished.

Vanquished Creatures (collateral kills)
  A troll (D:10)
  A wyvern (D:10)
2 creatures vanquished.

Grand Total: 249 creatures vanquished

Notes
Turn   | Place    | Note
-------+----------+-------------------------------------------
     0 | D:1      | lnt the Minotaur Berserker began the quest for the Orb.
     0 | D:1      | Reached XP level 1. HP: 19/19 MP: 0/0
    51 | D:1      | Found Vuje's Antique Weapon Shop.
    96 | D:1      | Reached skill level 1 in Polearms
   113 | D:1      | Reached XP level 2. HP: 26/26 MP: 1/1
   155 | D:1      | Reached skill level 2 in Polearms
   230 | D:1      | Found a faded altar of an unknown god.
   619 | D:1      | Reached skill level 3 in Polearms
   924 | D:2      | Reached XP level 3. HP: 31/31 MP: 2/2
  1255 | D:2      | Reached ** piety under Trog
  1256 | D:2      | Reached skill level 4 in Polearms
  1414 | D:2      | Reached XP level 4. HP: 39/39 MP: 3/3
  1970 | D:3      | Reached skill level 5 in Polearms
  2250 | D:4      | Noticed a black bear
  2409 | D:4      | Killed a black bear
  2410 | D:4      | Reached skill level 6 in Polearms
  2410 | D:4      | Reached XP level 5. HP: 45/45 MP: 4/4
  2466 | D:4      | Reached skill level 7 in Polearms
  2466 | D:4      | Reached XP level 6. HP: 37/51 MP: 5/5
  2745 | D:4      | Reached skill level 8 in Polearms
  2860 | D:4      | Reached *** piety under Trog
  2962 | D:4      | Reached XP level 7. HP: 52/57 MP: 6/6
  3026 | D:4      | Reached skill level 9 in Polearms
  3412 | D:5      | Entered Level 5 of the Dungeon
  3446 | D:5      | Found a glowing drain.
  3469 | Sewer    | Entered a sewer
  3556 | Sewer    | Noticed Purgy
  3562 | Sewer    | Killed Purgy
  3563 | Sewer    | Reached skill level 10 in Polearms
  3648 | D:5      | Reached XP level 8. HP: 52/64 MP: 7/7
  3680 | D:5      | Reached skill level 11 in Polearms
  4322 | D:5      | Reached skill level 12 in Polearms
  4331 | D:5      | Reached **** piety under Trog
  4829 | D:6      | Found a staircase to the Ecumenical Temple.
  4911 | Temple   | Entered the Ecumenical Temple
  5028 | D:6      | Reached skill level 13 in Polearms
  5204 | D:6      | Reached XP level 9. HP: 64/70 MP: 8/8
  5365 | D:7      | Found the ring of the Mage {Wiz Will++ Int+3}
  5591 | D:7      | Reached skill level 14 in Polearms
  6744 | D:8      | Reached skill level 15 in Polearms
  7469 | D:8      | Reached XP level 10. HP: 78/78 MP: 9/9
  7888 | D:8      | Reached skill level 5 in Fighting
  7888 | D:8      | Reached skill level 5 in Dodging
  7929 | D:8      | Identified the +0 hunting sling of Fupp {vorpal, Str+2}
  7940 | D:8      | Reached ***** piety under Trog
  8593 | D:9      | Reached skill level 1 in Slings
  8833 | D:9      | Found a shadowy altar of Dithmenos.
  9204 | D:9      | Found an opulent altar of Gozag.
  9295 | D:10     | Entered Level 10 of the Dungeon
  9355 | D:10     | Found Fogin's Weapon Shoppe.
  9393 | D:10     | Bought 15 sling bullets for 105 gold pieces
  9473 | D:10     | Reached skill level 5 in Armour
  9500 | D:10     | Noticed Maggie
  9510 | D:10     | Killed Maggie
  9735 | D:10     | Reached XP level 11. HP: 86/93 MP: 10/10
  9799 | D:10     | Found a staircase to the Lair.
 10532 | D:10     | Noticed a six-headed hydra
 10549 | D:10     | Killed a ten-headed hydra
 10887 | D:10     | Found a staircase to the Orcish Mines.
 10892 | D:10     | Noticed Urug
 10911 | D:10     | Hit by a javelin thrown by Urug

Illustrated notes

Levels and vault maps discovered:
D:1:      minmay_arrival_loop, layout_loops_ring, ebering_ecumenical_altar_mist,
          serial_shops, shop, chequers_serial_rivers_room_a, minmay_pentomino_v2
D:2:      layout_basic
D:3:      layout_basic
D:4:      layout_rooms
D:5:      layout_basic, cheibrodos_sewer_entry_drain, minmay_small_thing
D:6:      layout_rooms, minmay_temple_entry_glass, serial_corexii_hall,
          chequers_hall_statues_wall_a, corexii_hall_statues_i,
          chequers_hall_statues_wall_a, corexii_hall_statues_l
D:7:      layout_loops_ring, serial_aquarium, aquarium_bridge_square
          [aquarium_subvault_window, aquarium_subvault_bridge,
          aquarium_subvault_wall, aquarium_subvault_wall], aquarium_window_fake,
          aquarium_window_fake, aquarium_window_1, aquarium_window_corridor_2,
          aquarium_view_2a, aquarium_balcony_1b
D:8:      minmay_razor_zed, layout_basic
D:9:      layout_roguey, nicolae_gozag_cash_rules_everything_around_me,
          grunt_dithmenos_smoke_and_mirrors, minmay_misc_feat_ornament,
          st_stairs_14
D:10:     layout_stronghold, mainiacjoe_overflow_big_doors, erik_lair_island,
          minmay_orc_entry_guard_dogs, serial_shops, nicolae_stop_n_shop_1,
          uniq_maggie, uniq_josephine, uniq_urug
Temple:   compressed_dpeg_circular_temple

Skill      XL: |  1  2  3  4  5  6  7  8  9 10 11 |
---------------+----------------------------------+-----
Polearms       | 1 3 4 6 7 8 10 13 15 | 15.8
Fighting       | 7 8 |  8.7
Dodging        | 5 |  5.4
Armour         | 6 7 |  7.2
Slings         | 3 4 |  4.2
Axes           | |  3.7

Action                   |  1- 3 |  4- 6 |  7- 9 | 10-12 || total
-------------------------+-------+-------+-------+-------++-------
Melee: Halberd           |    73 |   103 |   266 |   215 ||   657
       Headbutt          |     5 |    14 |    34 |    36 ||    89
 Fire: Hunting sling     |       |       |       |    19 ||    19
Invok: Berserk           |       |     1 |     3 |     6 ||    10
       Trog's Hand       |       |     1 |     4 |     8 ||    13
       Brothers in Arms  |       |       |       |     2 ||     2
 Stab: Sleeping          |     4 |       |       |       ||     4
       Distracted        |       |       |     1 |       ||     1
Armor: Animal skin       |     7 |       |       |       ||     7
       Chain mail        |    13 |    62 |    91 |    12 ||   178
       Plate armour      |       |       |       |    71 ||    71
Dodge: Dodged            |    33 |    29 |    72 |    49 ||   183
